 Dungeon Crawl Stone Soup version 0.31.0-12-g77e489cdc1 (webtiles) character file.

Game seed: 4601792291686659840

2 spaghetti the Caller (level 1, 4/13 HPs)
             Began as a Demonspawn Summoner on Feb 17, 2024.
             Quit the game on level 1 of the Dungeon.
             The game lasted 00:00:15 (51 turns).

spaghetti the Caller (Demonspawn Summoner)            Turns: 51, Time: 00:00:15

Health: 4/13       AC:  2    Str:  8    XL:     1   Next: 25%
Magic:  1/3        EV: 12    Int: 15    God:
Gold:   5          SH:  0    Dex: 13    Spells: 3/4 levels left

rFire   . . .        (no weapon)
rCold   . . .        (no shield)
rNeg    . . .        a - +0 robe
rPois   .            (no helmet)
rElec   .            (no cloak)
rCorr   .            (no gloves)
SInv    .            (no boots)
Will    .....        (no amulet)
Stlth   ++           (no ring)
HPRegen 0.22/turn    (no ring)
MPRegen 0.08/turn

%: no passive effects
@: no status effects
A: no striking features
a: no special abilities


You were on level 1 of the Dungeon.
You visited 1 branch of the dungeon, and saw 1 of its levels.

You collected 5 gold pieces.

Inventory:

Armour
 a - a +0 robe (worn)
Scrolls
 c - a scroll of silence {unknown}
Potions
 b - a potion of magic


   Skills:
 + Level 0.2 Fighting
 - Level 1.7 Dodging
 - Level 1.7 Stealth
 + Level 2.0 Spellcasting
 + Level 4.0 Summonings


You had 3 spell levels left.
You knew the following spells:

 Your Spells              Type           Power      Damage    Failure   Level
a - Summon Small Mammal   Summ           52%        N/A       4%          1

Your spell library contained the following spells:

 Spells                   Type           Power      Damage    Failure   Level
 Call Imp                 Summ           26%        N/A       6%          2
 Call Canine Familiar     Summ           13%        N/A       13%         3
 Summon Blazeheart Golem  Fire/Summ      7%         N/A       67%         4
 Summon Lightning Spire   Summ/Air       7%         N/A       67%         4


Dungeon Overview and Level Annotations

Branches:
Dungeon (1/15)

Altars:


Message History

The bat closely misses you.
Your bat hits the bat.
Your rat closely misses the bat.
The kobold completely misses you. The bat closely misses you.
You hit the kobold but do no damage.
The kobold is severely wounded.
The bat hits you but does no damage. The bat barely misses your rat.
Your bat completely misses the bat.
The kobold misses you.
Your rat completely misses the bat.
Your bat misses the bat. You closely miss the kobold.
The kobold is severely wounded.
The bat misses you.
Your bat barely misses the bat.
The bat closely misses you. The kobold barely misses you.
You hit the kobold but do no damage.
The kobold is severely wounded.
The bat hits you.
Your bat hits the bat. The bat hits you but does no damage.
Your rat barely misses the bat.
The kobold hits you but does no damage.
You hit the kobold.
You kill the kobold!
The bat misses you.
Your bat misses the bat.
Your rat bites the bat.
Your bat disappears in a puff of smoke!
Your rat disappears in a puff of smoke!
The bat hits you but does no damage. The bat misses you.
You are too injured to fight recklessly!
You barely miss the bat.
The bat is heavily wounded.
The bat hits you.
Casting: Summon Small Mammal (safe; 4% risk of failure)
Confirm with . or Enter, or press ? or * to list all spells.
The bat hits you.
Casting: Summon Small Mammal (safe; 4% risk of failure)
Confirm with . or Enter, or press ? or * to list all spells.
The bat hits you.
* * * LOW HITPOINT WARNING * * *
The bat hits your quokka but does no damage.
Your bat hits the bat.
You are too injured to fight recklessly!
You swap places.
The bat closely misses your bat.
Your bat barely misses the bat.
Your quokka bites the bat.
The bat dies!
You are too injured to fight recklessly!
Are you sure you want to abandon this character and quit the game? (Confirm with "yes".)

#....#### #.......#
#.......# #...$...#
#.....)###########
#.............# #
#.............# ~#
#..rb.........####≈~
#..@####.###..##...~
#.(.# #.# ##....#
#...# #.# #....#
##.##########....#
#. #⌠...⌠##.##.# #.
#.....##.##.# #.
#.<.>.##....# #.
#.....###..##
#⌠...⌠####.#


You could see a friendly quokka (summoned) and a friendly bat (summoned).

Vanquished Creatures
  A kobold (D:1)
1 creature vanquished.

Vanquished Creatures (collateral kills)
  A bat (D:1)
1 creature vanquished.

Grand Total: 2 creatures vanquished

Notes
Turn   | Place    | Note
-------+----------+-------------------------------------------
     0 | D:1      | spaghetti the Demonspawn Summoner began the quest for the
                  | Orb.
     0 | D:1      | Reached XP level 1. HP: 13/13 MP: 3/3
    51 | D:1      | Quit the game

Illustrated notes

Levels and vault maps discovered:
D:1:      amcnicky_arrival_gap_in_the_tavern_cellar, layout_rooms,
          hellmonk_ecumenical_altar_slurped_away, chequers_serial_rivers_small_a

Action                     || total
---------------------------++-------
  Melee: Unarmed           ||    16
   Cast: Summon Small Mamm ||     4
 Armour: Robe              ||    21
  Dodge: Dodged            ||    21
